[Event "Czech Championship 2022"]
[Site "Usti nad Labem"]
[Date "2022.05.15"]
[Round "2.10"]
[White "Paseka, Matyas"]
[Black "Stalmach, Richard"]
[Result "0-1"]
[ECO "B43"]
[WhiteElo "2076"]
[BlackElo "2350"]
[Annotator "TA"]
[PlyCount "104"]
[EventDate "2022.05.12"]
[EventType "swiss"]
[EventCountry "CZE"]
[SourceTitle "playchess.com"]
[Source "ChessBase"]
[SourceQuality "1"]
[TimeControl "40/5400+30:1800+30"]

1. e4 {[%emt 0:00:03] ChessBase II} c5 2. Nf3 e6 3. d4 cxd4 4. Nxd4 a6 5. Nc3 b5 6. Bd3 Qb6 7. Nb3 Qc7 8. O-O Bb7 9. Qe2 Be7 {[%emt 0:00:50] B43: Sicilian: Kan Variation: 5 Nc3.} 10. Bd2 Nc6 {[%emt 0:04:58] [#]} 11. Rae1 $146 ({Predecessor:} 11. f4 b4 12. Na4 Nf6 13. e5 Nd5 14. Rae1 g6 15. Kh1 Na5 16. Nd4 Nc6 17. Nf3 {½-½ (46) Nataf,I (2527)-Wahls,M (2580) Germany 2002 EXT 2003 [ChessBase II]}) 11... Nb4 {[%emt 0:14:08] The position is equal.} 12. a3 Nxd3 13. cxd3 Nf6 14. Rc1 {[%emt 0:01:57][%cal Oc3b5] And now Nxb5! would win.} Qd8 15. e5 Nd5 16. Na5 Nxc3 $11 17. Rxc3 Bd5 (17... Qxa5 18. Rc8+ $1 Rxc8 19. Bxa5 $16) 18. Qg4 g6 19. Rfc1 O-O 20. Rc7 Bc4 {[%emt 0:01:15] This bishop pair is nice.} 21. Rb7 Bd5 (21... Bxd3 22. Qd4 b4 23. Rxd7 (23. Qxd3 Qxa5 24. Qxd7 Rad8 $11) 23... Qxa5 24. Rxe7 $16 (24. Qxd3 Rfd8 $11) (24. axb4 Qa4 $16)) 22. Rbc7 f6 $36 {[%emt 0:08:32][%mdl 2048] Black has good play.} 23. d4 Rb8 24. Qh3 (24. b4 $11) 24... fxe5 $17 25. dxe5 Bc4 26. Nxc4 Qxc7 $19 27. Nd6 Qa7 28. Be3 Qa8 29. Bh6 Bxd6 30. exd6 Rbc8 {[%emt 0:01:01] ...Rxc1+ is the strong threat.} 31. Rc7 {[%emt 0:00:58] [#] aiming for Qc3.} Qd5 $1 32. g4 Qd1+ (32... Qxd6 33. Qc3 Qd1+ 34. Kg2 Qxg4+ 35. Kh1 Qd1+ 36. Kg2 Qg4+ 37. Kh1 Qd1+ 38. Kg2 Qg4+ $11) (32... Rxc7 $1 $19 33. dxc7 Rc8) 33. Kg2 $17 Qd5+ ({Of course not} 33... Qxd6 $6 34. Qc3 Rxf2+ 35. Kxf2 Qxh2+ 36. Kf1 Qh1+ 37. Kf2 Qh2+ 38. Kf3 Qh3+ 39. Kf2 Qh2+ $11) (33... Qd4 $17 34. Bxf8 Rxf8) 34. Kg1 $19 {[%emt 0:00:06] White is now going downhill.} Rxc7 $1 ({Stronger than} 34... Qxd6 35. Qc3 Qd1+ 36. Kg2 Qxg4+ 37. Kh1 Qd1+ 38. Kg2 Qg4+ 39. Kh1 Qd1+ 40. Kg2 Qg4+ $11) 35. dxc7 {[%emt 0:00:05][%mdl 4096] Endgame [#] KQR-KQB} Rc8 36. Qc3 (36. Qh4 {was forced.}) 36... Qd1+ 37. Kg2 Qxg4+ 38. Kh1 {[%emt 0:00:17][%csl Gh6][%cal Rc3g7] [#]} Qd1+ $1 39. Kg2 Qd5+ ({Don't blunder} 39... Qg4+ $2 40. Kh1 Qd1+ 41. Kg2 Qd5+ 42. f3 $19) 40. f3 e5 41. Qb4 Qe6 {[%emt 0:38:08] Prevents Qe7.} 42. Qc5 d6 43. Qc6 Qe7 {[%emt 0:00:00] Inhibits Bg5.} 44. Qd5+ Kh8 45. h4 Qxc7 46. Qe6 Qc2+ 47. Kg3 {[%emt 0:00:00] Qf6+ would kill now.} Qf5 {[%emt 0:00:00] Against Qf6+} 48. Qe7 Rg8 {[%emt 0:00:00] Against Qg7+} 49. Bg5 $2 (49. Qxd6 Re8 50. Qc6) 49... Rf8 {[%emt 0:00:00] Black is clearly winning.} 50. Qb7 Qf7 51. Qe4 Kg7 {[%emt 0:00:00] Against Bh6+} 52. Qe3 {[%emt 0:00:00] [#]} Qf4+ $3 {[%emt 0:00:00][%mdl 512] Weighted Error Value: White=0.33/Black=0.11 (very precise)} 0-1

[Event "Czech Championship 2022"]
[Site "Usti nad Labem"]
[Date "2022.05.15"]
[Round "2.11"]
[White "Babula, Vlastimil"]
[Black "Horak, Jiri"]
[Result "1-0"]
[ECO "C45"]
[WhiteElo "2576"]
[BlackElo "2161"]
[Annotator "TA"]
[PlyCount "37"]
[EventDate "2022.05.12"]
[EventType "swiss"]
[EventCountry "CZE"]
[SourceTitle "playchess.com"]
[Source "ChessBase"]
[SourceQuality "1"]
[TimeControl "40/5400+30:1800+30"]

1. e4 e5 2. Nf3 Nc6 3. d4 exd4 4. Nxd4 Nf6 5. Nxc6 bxc6 6. e5 Qe7 7. Qe2 Nd5 8. c4 Nb4 {[%emt 0:01:14] C45: Scotch Game.} (8... Ba6 $11) 9. a3 $14 Na6 10. b4 {[%emt 0:00:28] Inhibits Nc5.} d6 {[%emt 0:01:33] White is slightly better.} 11. Bb2 {[%emt 0:14:26] [#]} dxe5 $146 ({Predecessor:} 11... Bb7 12. Nd2 c5 13. b5 Nb8 14. f4 Nd7 15. Nf3 Nb6 16. Rc1 O-O-O 17. g3 dxe5 18. fxe5 {0-1 (63) Holroyd,K-Harding,A (1988) Philadelphia 2010}) 12. g3 Bb7 (12... Nb8 $16) 13. Bg2 $18 {[%emt 0:02:59][%mdl 1024] White has strong compensation.} (13. Bxe5 $2 f6 14. Bf4 c5 $17) (13. Qxe5 $2 c5 14. Rg1 (14. Qxe7+ $2 Bxe7 15. Rg1 cxb4 $17) 14... Qxe5+ 15. Bxe5 cxb4 $17) 13... O-O-O 14. O-O ({Wrong is} 14. Bxe5 $2 Re8 15. f4 f6 $19) (14. Qxe5 $2 Qxe5+ 15. Bxe5 Re8 $19) 14... f6 {[%emt 0:04:15] [#]} (14... Qe6 $142 15. Nd2 (15. Qxe5 Qxc4 16. Nd2 Qb5 $16) (15. Bxe5 $2 f6 $17) 15... c5) 15. Nd2 $1 g6 16. Nb3 Bg7 17. Qe3 {[%emt 0:05:25] White is clearly winning.} Qe6 (17... c5 $142 18. Bxb7+ Kxb7 19. Qe4+ (19. Nxc5+ Nxc5 20. bxc5 c6 $11) 19... Kc8 20. Qa8+ Nb8 21. Nxc5 c6) 18. Qxa7 Qxc4 {[%emt 0:00:18] [#]} 19. Qxb7+ $3 {[%emt 0:00:45][%mdl 576] Decoy. White took control after the opening.  Weighted Error Value: White=0.12 (very precise) /Black=0.61} 1-0

[Event "Czech Championship 2022"]
[Site "Usti nad Labem"]
[Date "2022.05.15"]
[Round "2.12"]
[White "Rasik, Vitezslav"]
[Black "Brejnik, Gustav"]
[Result "1/2-1/2"]
[ECO "B11"]
[WhiteElo "2433"]
[BlackElo "2246"]
[Annotator "TA"]
[PlyCount "68"]
[EventDate "2022.05.12"]
[EventType "swiss"]
[EventCountry "CZE"]
[SourceTitle "playchess.com"]
[Source "ChessBase"]
[SourceQuality "1"]
[TimeControl "40/5400+30:1800+30"]

1. e4 c6 2. Nc3 d5 3. Nf3 Bg4 4. h3 Bxf3 5. Qxf3 e6 6. d4 dxe4 7. Qxe4 {[%emt 0:00:32] B11: Caro-Kann: Two Knights Variation.} Nf6 8. Qd3 Be7 9. g3 Na6 10. a3 {[%emt 0:07:33] Prevents Nb4.} O-O 11. Bg2 Qb6 12. O-O Rfd8 13. Be3 {[%emt 0:09:10] [#]} Nd5 $146 (13... Qxb2 $2 14. Rfb1 Nc5 15. Rxb2 $18) ({Predecessor:} 13... Rd7 14. b4 Qc7 15. b5 Nb8 16. Qe2 Nd5 17. Ne4 cxb5 18. Qxb5 Nc6 19. Kh2 a6 {½-½ (47) Bugaj,H (1782)-Sloniewska,A (1700) Sypniewo 2022}) 14. Nxd5 cxd5 15. b3 Nb8 16. c4 Qa6 17. Rfd1 Nc6 18. c5 {[%emt 0:04:24] Hoping for Qxa6.} Qxd3 19. Rxd3 a5 20. Rb1 Bf6 21. Bf1 b6 22. Rc1 bxc5 23. Rxc5 Ne7 24. g4 {[%emt 0:02:57] [#] Inhibits Nf5. g5 is the strong threat.} Ng6 25. a4 (25. Bd2 $1 $14) 25... Be7 $11 26. Rb5 Bb4 27. Bd2 Bxd2 28. Rxd2 Rdc8 29. f3 Nf4 (29... Rc1 {seems wilder.} 30. Kf2 Nh4 31. f4 Ng6) 30. h4 {[%emt 0:00:32] The position is equal.} g5 31. hxg5 Kg7 $1 32. Kf2 Kg6 $1 33. b4 axb4 34. Rxb4 Rc3 {[%emt 0:05:24] Weighted Error Value: White=0.08 (flawless) /Black=0.06 (flawless)} 1/2-1/2

[Event "Czech Championship 2022"]
[Site "Usti nad Labem"]
[Date "2022.05.15"]
[Round "2.13"]
[White "Mikes, Jan"]
[Black "Jirasko, Miroslav"]
[Result "1-0"]
[ECO "B20"]
[WhiteElo "2349"]
[BlackElo "2091"]
[Annotator "TA"]
[PlyCount "39"]
[EventDate "2022.05.12"]
[EventType "swiss"]
[EventCountry "CZE"]
[SourceTitle "playchess.com"]
[Source "ChessBase"]
[SourceQuality "1"]
[TimeControl "40/5400+30:1800+30"]

1. e4 c5 2. b4 cxb4 3. a3 e5 4. Nf3 Nc6 5. Bb2 Qb6 6. Nxe5 {[%emt 0:02:44] And now Nc4 would win. B20: Sicilian: Unusual White 2nd moves.} bxa3 7. Bc3 a2 $1 {[%emt 0:02:30] White must now prevent ...Nxe5.} 8. Nxf7 {[%emt 0:00:31][%mdl 64] [#] Decoy. Black is slightly better.} Kxf7 9. Bc4+ $1 Ke8 10. Rxa2 Nf6 11. O-O $1 {[%emt 0:00:36] [#] Hoping for e5.} Bc5 $146 {[%emt 0:01:15] [#]} (11... Qc5 $15 {keeps the upper hand.} 12. Na3 Qh5 13. Qxh5+ Nxh5) ({Predecessor:} 11... Kd8 12. Qf3 Nb4 13. Rb2 a5 14. Be5 Be7 15. Na3 Qc6 16. d3 d6 17. Bd4 d5 {0-1 (39) Windhausen,G (2288)-Kribben,M (2331) GER email 2011}) 12. Rb2 $1 $16 Bxf2+ (12... Qd8 $16 {was called for.}) 13. Rxf2 $18 Qc5 14. Bd5 Nxd5 $2 (14... Rf8 {is a better defense.}) 15. Qh5+ {[%emt 0:00:30][%mdl 64] Pin} (15. exd5 Rf8 16. d4 Qxd5 17. Qe1+ Ne5 $18) 15... Kd8 16. exd5 (16. Bxg7 Re8 17. Qxd5 Qxd5 18. Bf6+ (18. exd5 Re1+ 19. Rf1 Rxf1+ 20. Kxf1 Ne7 $18) 18... Kc7 19. exd5 Re1+ 20. Rf1 Rxf1+ 21. Kxf1 Na5 $18) 16... Ne7 (16... Rf8 $142 17. d4 Qe7 18. Rxf8+ Qxf8 19. dxc6 dxc6 20. Qxh7 b6) 17. Bb4 Qd4 18. c3 g6 19. Bxe7+ ({Less strong is} 19. cxd4 gxh5 20. Nc3 b6 $18) 19... Kxe7 20. Qe2+ {[%emt 0:00:04] Black did not feel at home in the position after the opening.  Weighted Error Value: White=0.12 (very precise) /Black=0.86} ({Weaker is} 20. cxd4 gxh5 21. Na3 d6 $16) 1-0

[Event "Czech Championship 2022"]
[Site "Usti nad Labem"]
[Date "2022.05.15"]
[Round "2.14"]
[White "Sorm, Daniel"]
[Black "Kozak, Milos"]
[Result "1-0"]
[ECO "C45"]
[WhiteElo "2306"]
[BlackElo "2114"]
[Annotator "TA"]
[PlyCount "77"]
[EventDate "2022.05.12"]
[EventType "swiss"]
[EventCountry "CZE"]
[SourceTitle "playchess.com"]
[Source "ChessBase"]
[SourceQuality "1"]
[TimeControl "40/5400+30:1800+30"]

1. e4 e5 2. Nf3 Nc6 3. d4 exd4 4. Nxd4 Nf6 5. Nxc6 bxc6 6. e5 Qe7 7. Qe2 Nd5 8. c4 Ba6 9. g3 g6 {[%emt 0:01:10] 9...0-0-0 is vanishing.} 10. Bg2 {[%emt 0:02:45] C45: Scotch Game.} Bg7 11. O-O O-O $1 (11... Bxe5 12. Re1 f6 13. Qd1 Bxc4 14. f4 $18) 12. Re1 {[%emt 0:00:15] Black has an edge.} Rae8 13. Qc2 Nb6 (13... Qc5 $1 $11) 14. b3 $14 Bxe5 15. Bb2 $36 {[%emt 0:13:27][%mdl 2048] White has the initiative.} Qf6 16. Nc3 Bd4 {[%emt 0:02:13] [#]} 17. c5 $146 (17. a4 $14) ({Predecessor:} 17. Rad1 c5 18. Ba1 Rxe1+ 19. Rxe1 Qg7 20. Qc1 d6 21. Bc6 f5 22. Nd5 Nxd5 23. Bxd5+ {½-½ (71) Garcia Garcia,E (2051)-Vijayalakshmi,S (2411) Mallorca 2004}) 17... Nd5 $1 $11 (17... Bxc5 $2 18. Ne4 Bxf2+ 19. Nxf2 $18) 18. Bxd5 Rxe1+ $4 (18... cxd5 $11 {and Black has nothing to worry.} 19. Nxd5 Qf3 20. Bxd4 (20. Ne7+ Rxe7 21. Rxe7 Bb7 $17) 20... Qxd5) 19. Rxe1 $18 cxd5 20. Nxd5 Qg7 21. Bxd4 ({Not} 21. Nxc7 Bxb2 22. Nxa6 Qf6 $16) 21... Qxd4 22. Qe4 ({Less strong is} 22. Nxc7 Bb7 $16) (22. Rd1 $1 $18 Qg7 23. Nxc7) 22... Qxe4 $16 23. Rxe4 {[%emt 0:00:34][%mdl 4096] Endgame KRB-KRN} Bb7 (23... Bd3 $16 24. Ra4 a6) 24. Nf6+ $1 $18 ({Don't do} 24. Rd4 $6 Bxd5 25. Rxd5 Rd8 $14) 24... Kg7 {[%emt 0:03:03] [#]} 25. Ne8+ $1 Kg8 26. Nf6+ (26. Re7 $18) 26... Kg7 $14 27. Ne8+ (27. Re8 $14) 27... Kg8 $18 28. Re7 Bc6 29. Nxc7 {[%emt 0:09:42] White is more active.} Rc8 $2 {[%emt 0:00:46] [#]} (29... d6 $16) 30. Re8+ $1 Rxe8 31. Nxe8 {[%emt 0:00:02] KB-KN} Kf8 32. Nd6 a6 33. f4 Ke7 34. Kf2 Ke6 35. b4 f6 36. Ke3 g5 37. Kd4 {[%emt 0:01:44] White is clearly winning.} h5 38. f5+ Ke7 39. h4 {[%emt 0:00:30] Weighted Error Value: White=0.25 (precise) /Black=0.38} 1-0

[Event "Czech Championship 2022"]
[Site "Usti nad Labem"]
[Date "2022.05.15"]
[Round "2.15"]
[White "Krejci, Jan"]
[Black "Soucek, Petr"]
[Result "1/2-1/2"]
[ECO "B70"]
[WhiteElo "2520"]
[BlackElo "2177"]
[Annotator "TA"]
[PlyCount "92"]
[EventDate "2022.05.12"]
[EventType "swiss"]
[EventCountry "CZE"]
[SourceTitle "playchess.com"]
[Source "ChessBase"]
[SourceQuality "1"]
[TimeControl "40/5400+30:1800+30"]

1. e4 c5 2. Nf3 d6 3. d4 cxd4 4. Nxd4 Nf6 5. Nc3 g6 6. Bc4 Bg7 7. O-O O-O 8. Re1 Nc6 9. Bb3 Bg4 10. Qd3 Nxd4 {[%emt 0:01:38] B70: Sicilian Dragon: 6 g3 and 6 Be2 (without a later Be3).} 11. Qxd4 Nd7 {[%emt 0:06:24] Inhibits e5.} 12. Qe3 Nc5 13. Qg3 Be6 14. Bg5 {[%emt 0:00:22][%cal Bc1g5,Bg5h4,Bh4g3][%mdl 32] [#]} Bxb3 $146 ({Predecessor:} 14... h6 15. Be3 Nxb3 16. axb3 b6 17. f4 Kh7 18. Rad1 Qc8 19. Bd4 Bxd4+ 20. Rxd4 Qc5 21. Qf2 Rac8 22. b4 Qb5 23. h3 a5 24. e5 Rfd8 25. exd6 axb4 26. Ne4 {1-0 (25) Hracek,Z (2584)-Kulhanek,T (2382) Pardubice 2003}) 15. axb3 Ne6 16. Bh4 Be5 17. Qe3 a6 (17... Bd4 $11 18. Qd3 Re8) 18. Nd5 $16 f6 19. c3 {[%emt 0:02:02] Strongly threatening f4. White is more active.} g5 {[%emt 0:03:29] Against f4} 20. Bg3 Rf7 21. Rad1 Rg7 22. Qe2 Qe8 23. Qc4 Rc8 {[%emt 0:00:57] Prevents Nc7.} 24. Qa4 (24. Qd3 $14) 24... Qxa4 $11 25. bxa4 Kf7 26. Re3 Nf4 (26... Nc5 $15) 27. Bxf4 gxf4 28. Ree1 Rcg8 ({Better is} 28... a5) 29. g3 $1 h5 30. Kf1 fxg3 31. hxg3 h4 32. gxh4 (32. f4 $1 {deserves consideration.}) 32... Rg4 33. Re3 Rxh4 34. Ke2 Rgg4 35. Kd3 Rg2 (35... Ke8 {looks sharper.} 36. a5 Kd7 37. b4 e6) 36. Rf1 {[%emt 0:01:08] aiming for f4. The position is equal.} e6 37. Nb6 ({Not} 37. f4 $2 exd5 38. fxe5 dxe4+ 39. Rxe4 Rg3+ 40. Re3 Rxe3+ 41. Kxe3 dxe5 $19) 37... Rhh2 38. Rf3 Ke7 39. a5 Rh4 40. b3 Bf4 41. Ra1 Bg5 42. Ra4 Rg1 43. Rc4 Rd1+ 44. Ke2 Rhh1 {[%emt 0:00:00][%csl Gg5][%cal Rd1d2] [#]} 45. Rg3 Rd2+ 46. Kf3 Rh2 {[%emt 0:00:00] Weighted Error Value: White=0.11 (very precise) /Black=0.10 (very precise)} 1/2-1/2

[Event "Czech Championship 2022"]
[Site "Usti nad Labem"]
[Date "2022.05.15"]
[Round "2.16"]
[White "Vojta, Jakub"]
[Black "Bartos, Jan"]
[Result "0-1"]
[ECO "C11"]
[WhiteElo "2396"]
[BlackElo "2125"]
[Annotator "TA"]
[PlyCount "66"]
[EventDate "2022.05.12"]
[EventType "swiss"]
[EventCountry "CZE"]
[SourceTitle "playchess.com"]
[Source "ChessBase"]
[SourceQuality "1"]
[TimeControl "40/5400+30:1800+30"]

1. e4 e6 2. d4 d5 3. Nc3 Nf6 4. e5 Nfd7 5. f4 c5 6. Nf3 Nc6 7. Be3 cxd4 8. Nxd4 Qb6 9. Qd2 Qxb2 10. Rb1 Qa3 11. Bb5 Nxd4 {[%emt 0:00:36] C11: French: Classical System: 4 e5 and 4 Bg5 dxe4.} 12. Bxd4 ({Of course not} 12. Qxd4 a6 13. Bxd7+ Bxd7 14. Rxb7 Rc8 $17) 12... a6 13. Bxd7+ Bxd7 {[%emt 0:00:07] The position is equal.} 14. Rb3 Qe7 15. Rxb7 Qd8 16. O-O Qc8 17. Rfb1 Bc5 18. f5 {[%emt 0:09:02] [#]} O-O $146 ({Predecessor:} 18... Bxd4+ 19. Qxd4 Bb5 20. Rb6 O-O 21. a4 Qc4 22. Nxb5 axb5 23. Qxc4 bxc4 24. fxe6 fxe6 {½-½ (66) Alekseenko,K (2671)-Christiansen,J (2558) Khanty-Mansiysk 2019}) 19. f6 $1 {[%emt 0:03:42][%cal Od2g5] White wants to mate with Qg5!} gxf6 {[%emt 0:01:45] [#]} 20. exf6 ({White should try} 20. Ne2 $1 $16 Kh8 21. Qh6) 20... Kh8 $11 21. Kh1 Bxd4 22. Qxd4 Rg8 (22... Bb5 $5 23. Re7 Qc4 24. Qxc4 (24. Nxb5 axb5 25. Qd2 Qxa2 $17) 24... Bxc4 $15) 23. Qe5 Qe8 {[%emt 0:11:19] [#]} 24. Ne2 $1 {[%emt 0:12:35] Black must now prevent R1b3.} d4 25. Nf4 ({Avoid the trap} 25. Qxd4 $2 Bc6 26. Qg1 Bxg2+ 27. Qxg2 Rxg2 28. Kxg2 Qc6+ 29. Kf2 Rg8 $19) (25. Nxd4 $16 {With the idea R1b6.} Bc6 26. Nxc6 Qxc6 27. Qe2) 25... Rc8 26. R7b3 ({Better is} 26. Qxd4 $11 Bc6 27. Re7) 26... Ba4 $15 (26... Rxc2 $2 27. Rh3 Rc5 28. Qxc5 $18) 27. Rh3 ({Only move:} 27. Rg3 $1 $15) 27... Bxc2 $19 28. Re1 Bf5 $36 {[%emt 0:01:22][%mdl 2048] Keeping White busy.} 29. Rh5 (29. Rb3) 29... Qd7 30. h3 d3 {[%emt 0:00:28] Hoping for ...d2.} 31. Qe3 Rc2 {[%emt 0:04:28] Strongly threatening ...Qc6.} 32. g4 (32. Rxf5 $19 exf5 33. Qxd3 Qxd3 34. Nxd3) 32... Qc6+ 33. Kg1 {[%emt 0:00:04] [#]} Bxg4 $1 {[%emt 0:02:30][%mdl 512] Weighted Error Value: White=0.78/Black=0.13 (very precise)} 0-1

[Event "Czech Championship 2022"]
[Site "Usti nad Labem"]
[Date "2022.05.15"]
[Round "2.17"]
[White "Nemec, Jachym"]
[Black "Hladky, Tadeas"]
[Result "1-0"]
[ECO "D15"]
[WhiteElo "2367"]
[BlackElo "2119"]
[Annotator "TA"]
[PlyCount "52"]
[EventDate "2022.05.12"]
[EventType "swiss"]
[EventCountry "CZE"]
[SourceTitle "playchess.com"]
[Source "ChessBase"]
[SourceQuality "1"]
[TimeControl "40/5400+30:1800+30"]

1. d4 {[%emt 0:00:02] Gelfand,Boris} d5 2. c4 c6 3. Nf3 Nf6 4. Nc3 a6 5. a4 Bf5 6. Qb3 Ra7 {[%emt 0:00:30] D15: Slav Defence: 4 Nc3 a6 and gambit lines after 4 Nc3 dxc4.} 7. a5 e6 8. Qb6 Qxb6 {[%emt 0:00:39] White is slightly better.} 9. axb6 Ra8 10. c5 Nbd7 11. e3 Be7 12. Be2 O-O 13. Nd2 {[%emt 0:00:52][%cal Bf3d2,Bd2b3,Bb3a5][%mdl 32] [#]} Bc2 $146 ({Predecessor:} 13... e5 14. O-O Rfe8 15. Nb3 Bf8 16. Bd2 Bc2 17. Na5 exd4 18. exd4 Nxc5 19. dxc5 d4 {1-0 (36) Gelfand,B (2712)-Morozevich,A (2749) Astana 2001 CBM 084 [Gelfand,Boris]}) 14. b4 Rad8 (14... Ne4 $14 15. Ndxe4 Bxe4) 15. Ra2 $16 Bg6 16. Nb3 Nb8 17. Na5 Rd7 18. f3 Ne8 19. Nd1 {[%emt 0:01:40][%cal Bc3d1,Bd1f2,Bf2d3][%mdl 32] White is more active.} f5 (19... Bh4+ $16 {was necessary.} 20. g3 Bf6) 20. Nf2 $18 Bf6 21. Nd3 {[%emt 0:01:00] Prevents e5.} Kf7 (21... Bf7 {was worth a try.} 22. O-O g5) 22. O-O Ke7 23. Bd2 Kd8 24. Be1 {[%emt 0:01:14] White is clearly winning.} Bf7 (24... Kc8 $142 25. Bg3 f4) 25. Bg3 Kc8 26. Rfa1 g5 {[%emt 0:03:05] Weighted Error Value: White=0.02 (flawless) /Black=0.37} 1-0

[Event "Czech Championship 2022"]
[Site "Usti nad Labem"]
[Date "2022.05.15"]
[Round "2.18"]
[White "Pokrupa, Marek"]
[Black "Hrbek, Stepan"]
[Result "0-1"]
[ECO "A07"]
[WhiteElo "2117"]
[BlackElo "2303"]
[Annotator "TA"]
[PlyCount "82"]
[EventDate "2022.05.12"]
[EventType "swiss"]
[EventCountry "CZE"]
[SourceTitle "playchess.com"]
[Source "ChessBase"]
[SourceQuality "1"]
[TimeControl "40/5400+30:1800+30"]

1. g3 e5 2. Bg2 d5 3. d3 Nc6 4. Nf3 f6 5. c3 Be6 6. b4 {[%emt 0:04:05] A07: Réti Opening: New York and Capablanca Systems.} Qd7 7. Qa4 {[%emt 0:02:45] [#]} a6 $146 ({Predecessor:} 7... a5 8. O-O b5 9. Qxb5 axb4 10. cxb4 Nxb4 11. Qxd7+ Kxd7 12. a3 Bd6 13. Ne1 Ne7 14. Nc3 Rhb8 15. f4 Bc5+ 16. Kh1 Bd4 17. Bd2 Nbc6 18. a4 Rb2 {0-1 (18) Vassallo Barroche,M (2378)-Sadhwani,R (2555) Peniche 2021}) 8. Nbd2 {[%emt 0:00:43] The position is equal.} b5 9. Qc2 a5 10. bxa5 Nxa5 11. Bb2 (11. e4 $11 {deserves consideration.}) 11... Bd6 (11... c5 $15 {should be considered.}) 12. O-O Ne7 13. e4 c6 (13... dxe4 $11 {is superior.} 14. Nxe4 O-O) 14. a4 $14 O-O 15. Ba3 Bxa3 16. Rxa3 Qd6 17. Raa1 b4 18. d4 (18. cxb4 $14 Qxb4 19. Rfb1) 18... Rab8 $2 (18... b3 $1 $15 19. Qb2 Rab8) 19. Rfb1 $2 (19. cxb4 $16 {and life is bright.} Rxb4 20. dxe5 fxe5 21. Rfb1 (21. exd5 cxd5 22. Qc3 Nac6 $17)) 19... b3 $1 $17 20. Qc1 {[%emt 0:01:54] [#]} (20. Nxb3 $2 Nxb3 21. Rxb3 Rxb3 22. Qxb3 dxe4 $19) 20... dxe4 {[%emt 0:04:49] Black is much more active.} (20... Ng6 $1 $17) 21. Nxe4 $15 Qc7 22. Nc5 $36 {[%emt 0:02:52][%mdl 2048] White has the initiative.} Bf5 23. Rb2 Qd6 24. Nd2 Bc2 (24... exd4 25. cxd4 Qxd4 26. Ndxb3 $14) 25. Bf1 (25. Rxc2 $16 bxc2 26. Nde4) 25... Kh8 26. Nc4 Nxc4 27. Bxc4 exd4 28. cxd4 Nf5 (28... Qxd4 $142 29. Bxb3 Bf5) 29. Bxb3 $16 Bxb3 30. Rxb3 (30. Nxb3 $16 Qd5 31. Qc3) 30... Nxd4 $11 31. Re3 {[%emt 0:01:08] Inhibits Ne2+.} Qd5 {[%emt 0:01:34] Inhibits Qc4. Strongly threatening ...Rbe8.} 32. a5 $2 {[%emt 0:00:12] [#]} (32. Na6 $1 $11 {and White stays safe.} Rbd8 33. Nb4) 32... Rbe8 $1 $19 {[%emt 0:00:37] ...Rxe3 is the strong threat.} (32... Rb5 33. Ne4 Rxa5 34. Rxa5 Qxa5 35. Qc4 $11) 33. Ra4 $2 ({But not} 33. Rxe8 $2 Rxe8 34. Qd1 Ne2+ 35. Qxe2 Rxe2 $19) (33. a6 Ne2+ 34. Rxe2 Rxe2 35. Qf1) 33... Ne2+ 34. Rxe2 Rxe2 35. a6 Rfe8 {[%emt 0:00:23] ( -> ...Re1+)} ({Worse is} 35... Qf3 36. Qf1 $17) 36. Ra1 Qd4 {[%emt 0:00:07] Prevents Qc3.} 37. Qf1 {[%emt 0:00:28] [#]} Qxa1 38. Qxa1 Re1+ 39. Qxe1 Rxe1+ 40. Kg2 Ra1 41. Kf3 Ra5 {[%emt 0:30:05] Weighted Error Value: White=0.55/Black=0.26 (precise)} 0-1